 Dungeon Crawl Stone Soup version bcrawl-1.28.1b (webtiles) character file.

Game seed: 18263295228916830214

237418 Morbidden the Bolt Thrower (level 6, -2/53 HPs)
             Began as a Minotaur Hunter on Dec 24, 2020.
             Slain by Blork the orc
             ... wielding a +0 glaive
              (14 damage)
             ... on level 4 of the Dungeon.
             The game lasted 00:03:57 (2787 turns).

Morbidden the Bolt Thrower (Minotaur Hunter)        Turns: 2787, Time: 00:03:58

Health: -2/53      AC:  9    Str: 18    XL:     6   Next: 95%
Magic:  0/6        EV:  9    Int:  8    God:
Gold:   293        SH:  0    Dex: 20    Spells: 7/7 levels left

rFire    + . .     SeeInvis .   x - +0 arbalest
rCold    . . .     Gourm    .   (shield currently unavailable)
rNeg     . . .     Faith    .   i - +0 chain mail
rPois    +         Spirit   +   (helmet restricted)
rElec    .         Reflect  .   (no cloak)
rCorr    .         Harm     .   (no gloves)
MR       +....                  (no boots)
Stlth    ..........             l - amulet of guardian spirit
HPRegen  0.17/turn              n - +6 ring of dexterity
MPRegen  0.10/turn              w - ring of Gluttony {rPois rF+ MR+ Dex+3}

@: no status effects
A: retaliatory headbutt, horns 2
a: no special abilities


You were on level 4 of the Dungeon.
You were hungry.

You visited 1 branch of the dungeon, and saw 4 of its levels.

You collected 293 gold pieces.

Inventory:

Hand Weapons
 b - a +4 dagger
 r - a +0 war axe
 x - a +0 arbalest (weapon)
Missiles
 d - 320 bolts (quivered)
 j - 90 javelins
Armour
 i - a +0 chain mail (worn)
Jewellery
 l - an amulet of guardian spirit (around neck)
 n - a +6 ring of dexterity (left hand)
 w - the ring of Gluttony (right hand) {rPois rF+ MR+ Dex+3}
   (You found it on level 3 of the Dungeon)

   [ring of poison resistance]

   It affects your dexterity (+3).
   It protects you from fire.
   It protects you from poison.
   It affects your resistance to hostile enchantments.
Scrolls
 a - a scroll of fear {unknown}
 g - 2 scrolls of identify
 h - 2 scrolls of enchant weapon {unknown}
 k - a scroll of noise {unknown}
 p - 4 scrolls of amnesia {unknown}
 q - a scroll of remove curse {unknown}
 t - a scroll of enchant armour {unknown}
 y - a scroll of teleportation {unknown}
 B - a scroll of fog {unknown}
 D - a scroll of immolation {unknown}
 E - a scroll of magic mapping {unknown}
Potions
 f - a potion of magic {unknown}
 o - 2 potions of heal wounds {unknown}
 s - a potion of degeneration {unknown}
 u - a potion of resistance {unknown}
 v - a potion of brilliance {unknown}
 z - a potion of lignification {unknown}
 A - a potion of haste {unknown}
 C - a potion of flight {unknown}
Comestibles
 e - 7 rations {!d}
 m - 3 chunks of flesh


   Skills:
 * Level 4.6 Fighting
 + Level 6.8 Crossbows
 * Level 3.1 Armour
 * Level 3.2 Dodging
 + Level 0.8 Stealth
 * Level 1.3 Spellcasting


You had 7 spell levels left.
You didn't know any spells.
Your spell library was empty.

Dungeon Overview and Level Annotations

Branches:
Dungeon (4/12)
 Temple: D:4-7

Altars:
Elyvilon
Makhleb
Sif Muna
Yredelemnul

Annotations:
D:4 Blork the orc


Innate Abilities, Weirdness & Mutations

You reflexively headbutt those who attack you in melee.
You have a pair of horns on your head.


Message History

Firing (i - inventory. (/) - cycle)
d - 321 bolts (quivered)
Press: ? - help, Shift-Dir - straight line, f/p - Blork the orc
Aim: Blork the orc, wielding a +0 glaive and wearing a +0 robe (moderately wounded, fast, unusually strong)
You shoot a bolt.
The bolt hits Blork the orc but does no damage.
Blork the orc is moderately wounded.
Blork the orc hits you from afar with a +0 glaive!
* * * LOW HITPOINT WARNING * * *
No path to travel!
No path to travel!
It was a potion of curing.
You feel better.
Blork the orc hits you from afar with a +0 glaive.
* * * LOW HITPOINT WARNING * * *
Blork the orc screams, "I'm going to kill you!"
Blork the orc hits you from afar with a +0 glaive.
* * * LOW HITPOINT WARNING * * *
Unknown command.
You feel better.
Blork the orc hits you from afar with a +0 glaive!
You die...

##### ...#
######.######## #
##.............#
.#.#...###.######.#####
$...... #.# #.......#
#.#...###.# #.#.###.#
#....o.@..# #.#.# #(#
####.###### #.#.###.# #
#.#...#.# #.###.#.#
#.###.#.# #.......#
##.###.### #
#...#..#####
...<.........


You could see Blork the orc.

Vanquished Creatures
  2 phantoms (D:4)
  A crimson imp (D:3)
  2 hounds (D:4)
  A worker ant (D:3)
  10 adders (D:3)
  4 oozes
  5 worms
  6 leopard geckos
  6 orcs (D:3)
  10 bats
  2 giant cockroaches
  3 goblins
  9 hobgoblins
  2 jackals (D:1)
  2 ball pythons
  2 frilled lizards
  10 kobolds
  6 rats
83 creatures vanquished.

Notes
Turn   | Place    | Note
-------+----------+-------------------------------------------
     0 | D:1      | Morbidden the Minotaur Hunter began the quest for the Orb.
     0 | D:1      | Reached XP level 1. HP: 18/18 MP: 0/0
    54 | D:1      | Reached XP level 2. HP: 25/25 MP: 1/1
    75 | D:1      | Reached skill level 5 in Crossbows
   656 | D:1      | Reached XP level 3. HP: 30/30 MP: 2/2
  1052 | D:2      | Reached skill level 1 in Armour
  1192 | D:2      | Found a basalt altar of Yredelemnul.
  1240 | D:2      | Found a white marble altar of Elyvilon.
  1647 | D:3      | Reached XP level 4. HP: 38/38 MP: 3/3
  1681 | D:3      | Found a shimmering blue altar of Sif Muna.
  1732 | D:3      | Reached XP level 5. HP: 41/45 MP: 4/4
  1815 | D:3      | Reached skill level 6 in Crossbows
  2036 | D:3      | Got a translucent platinum ring
  2042 | D:3      | Identified the ring of Gluttony {rPois rF+ MR+ Dex+3} (You
                  | found it on level 3 of the Dungeon)
  2149 | D:3      | Found a burning altar of Makhleb.
  2321 | D:3      | Found a white marble altar of Elyvilon.
  2373 | D:3      | Reached skill level 1 in Spellcasting
  2507 | D:3      | Reached XP level 6. HP: 52/52 MP: 6/6
  2776 | D:4      | Noticed Blork the orc
  2787 | D:4      | Slain by Blork the orc

Skill      XL: |  1  2  3  4  5  6 |
---------------+-------------------+-----
Crossbows      | 5 6 |  6.8
Armour         | 1 2 3 |  3.1
Fighting       | 3 4 |  4.6
Spellcasting   | 1 |  1.3
Dodging        | 3 |  3.2
Stealth        | |  0.8

Action                   |  1- 3 |  4- 6 || total
-------------------------+-------+-------++-------
 Fire: Hand crossbow     |    98 |    78 ||   176
       Arbalest          |       |    47 ||    47
  Use: Scroll            |     1 |       ||     1
       Potion            |       |     2 ||     2
  Eat: Chunk             |     5 |     8 ||    13
Armor: Leather armour    |     3 |       ||     3
       Chain mail        |    16 |    31 ||    47
Dodge: Dodged            |    26 |    22 ||    48
